 Dungeon Crawl Stone Soup version 0.29.1-13-g9f3cf754e1 (webtiles) character file.

Game seed: 3230655695608232675

1253 bubby the Cleaver (level 8, -2/39 HPs)
             Began as a Vine Stalker Fighter on Jan 27, 2023.
             Was an Initiate of Makhleb.
             Slain by a yak (5 damage)
             ... on level 4 of the Dungeon.
             The game lasted 00:11:28 (5067 turns).

bubby the Cleaver (Vine Stalker Fighter)            Turns: 5067, Time: 00:11:29

Health: -2/39      AC: 10    Str: 22    XL:     8   Next: 51%
Magic:  0/9        EV:  9    Int:  8    God:    Makhleb [......]
Gold:   309        SH:  0    Dex: 13    Spells: 7/7 levels left

rFire   . . .      SeeInvis .   u - +0 hand axe (freeze)
rCold   . . .      Faith    .   (no shield)
rNeg    . . .      Spirit   +   l - +3 scale mail
rPois   .          Reflect  .   (no helmet)
rElec   .          Harm     .   (no cloak)
rCorr   +          Rampage  .   k - +0 pair of gloves
Will    +....                   (no boots)
Stlth   ..........              D - amulet of magic regeneration
HPRegen 0.93/turn               e - ring of flight
MPRegen 0.51/turn               r - ring of resist corrosion

@: flying
A: fangs 3, regeneration 1, magic shield, antimagic bite, no potion heal 2
a: Renounce Religion


You were on level 4 of the Dungeon.
You worshipped Makhleb.
Makhleb was noncommittal.
You visited 1 branch of the dungeon, and saw 5 of its levels.

You collected 309 gold pieces.

Inventory:

Hand Weapons
 a - a +0 war axe
 n - a +1 dagger of venom
 u - a +0 hand axe of freezing (weapon)
Missiles
 g - 3 poisoned darts (quivered)
 y - 4 silver javelins
Armour
 k - a +0 pair of gloves (worn)
 l - a +3 scale mail (worn)
Jewellery
 e - a ring of flight (left hand)
 r - a ring of resist corrosion (right hand)
 D - an amulet of magic regeneration (around neck)
Wands
 t - a wand of iceblast (3)
Scrolls
 c - a scroll of summoning {unknown}
 f - 7 scrolls of magic mapping {unknown}
 h - 3 scrolls of identify {unknown}
 i - a scroll of amnesia {unknown}
 p - 2 scrolls of teleportation {unknown}
 q - a scroll of fear {unknown}
 s - a scroll of noise {unknown}
 w - a scroll of blinking {unknown}
 x - a scroll of acquirement {unknown}
 C - 2 scrolls of enchant armour {unknown}
Potions
 b - a potion of curing {unknown}
 d - 2 potions of might
 j - a potion of mutation {unknown}
 m - a potion of degeneration {unknown}
 o - a potion of magic {unknown}
 v - a potion of invisibility {unknown}
 z - a potion of cancellation {unknown}
 A - a potion of heal wounds {unknown}
 B - a potion of flight {unknown}


   Skills:
 - Level 2.6 Fighting
 + Level 9.4 Axes
 - Level 2.4 Armour
 - Level 2.6 Shields


You had 7 spell levels left.
You didn't know any spells.
Your spell library contained the following spells:

 Spells                   Type           Power      Damage    Failure   Level
 Apportation              Tloc           0%         N/A       75%         1
 Magic Dart               Conj           0%         1d3       75%         1
 Necrotise                Necr           0%         1d4       75%         1
 Summon Small Mammal      Summ           0%         N/A       75%         1
 Call Imp                 Summ           0%         N/A       86%         2
 Conjure Flame            Conj/Fire      0%         6-21      98%         3
 Ignite Poison            Fire/Tmut/Pois 0%         N/A       98%         3
 Mephitic Cloud           Conj/Pois/Air  0%         N/A       98%         3
 Ozocubu's Armour         Ice            0%         N/A       98%         3
 Olgreb's Toxic Radiance  Pois           0%         N/A       100%        4
 Sticky Flame             Conj/Fire      0%         2d3       100%        4
 Alistair's Intoxication  Tmut/Pois      0%         N/A       100%        5
 Metabolic Englaciation   Hex/Ice        0%         N/A       100%        5
 Simulacrum               Ice/Necr       0%         N/A       100%        6
 Ozocubu's Refrigeration  Ice            0%         4d7       100%        7
 Ignition                 Fire           0%         3d3       100%        8


Dungeon Overview and Level Annotations

Branches:
Dungeon (5/15)
 Temple: D:4-7

Altars:
Dithmenos
Makhleb
Ru

Shops:
D:3 *


Innate Abilities, Weirdness & Mutations

You have razor-sharp teeth.
Your natural rate of healing is unusually fast.
When hurt, damage is shared between your health and your magic reserves.
Your bite disrupts and absorbs the magic of your enemies.
Potions cannot restore your health.


Message History

The yak is heavily wounded.
The yak barely misses you.
You hit the yak. You freeze the yak. You bite the yak, but do no damage.
The yak is heavily wounded.
The yak gores you.
You hit the yak but do no damage. Your bite misses the yak.
The yak is heavily wounded.
You hit the yak but do no damage.
The yak is heavily wounded.
The yak gores you.
You closely miss the yak.
The yak is heavily wounded.
The yak gores you!
You barely miss the yak. You bite the yak. You drain its power.
You feel invigorated.
The yak is severely wounded.
The yak gores you!
* * * LOW HITPOINT WARNING * * *
You closely miss the yak.
The yak is severely wounded.
The yak gores you!
* * * LOW HITPOINT WARNING * * *
The yak attacks as you move away! The yak closely misses you.
The yak attacks as you move away! The yak gores you.
* * * LOW HITPOINT WARNING * * *
The yak attacks as you move away! The yak gores you but does no damage.
You barely miss the yak.
The yak is severely wounded.
The yak gores you.
* * * LOW HITPOINT WARNING * * *
You hit the yak. You freeze the yak. You bite the yak, but do no damage.
The yak is severely wounded.
The yak gores you.
* * * LOW HITPOINT WARNING * * *
You barely miss the yak.
The yak is severely wounded.
You barely miss the yak.
The yak is severely wounded.
The yak gores you!
You die...

..#.PPP.#.................###.#
..'.P...#..................##.#
..'.P._.#.....#######......##.#
..'.P...#.....# #......##.#
..#.PPP.####### ###.####.##.#
..#.....# #####........##.#
..####### ##...........###.###
.......# #............)......
.......# #.Y@.........###.##.
<####### ##.#######....# #.##.
.####### ##.#..~~~..#..## #.##.
.......# ##.#..~...~..#.## #.##.
.......####.#...~._.~...#.###.##.
...........รท.#..~...~..#.......#.
.......####.#.#..~~~..#.###......
.#.##### ##.#..#######.......(...
.#.# #.............####......


You could see a yak.

Vanquished Creatures
  2 yaks
  A phantom (D:4)
  A necrophage (D:4)
  2 quasits (D:4)
  4 hounds
  2 orc priests
  Ijyb (D:3)
  4 iguanas
  6 orc wizards
  A hound skeleton (D:4)
  8 adders
  6 shadow imps (D:4)
  2 white imps (D:4)
  4 ufetubi (D:4)
  2 worms (D:2)
  20 orcs
  10 ball pythons
  8 endoplasms
  5 giant cockroaches
  17 goblins
  9 hobgoblins
  4 jackals
  4 quokkas
  4 bats
  3 frilled lizards
  9 kobolds
  12 rats
151 creatures vanquished.

Vanquished Creatures (others)
  7 demonic plants (D:4)
7 creatures vanquished.

Grand Total: 158 creatures vanquished

Notes
Turn   | Place    | Note
-------+----------+-------------------------------------------
     0 | D:1      | bubby the Vine Stalker Fighter began the quest for the Orb.
     0 | D:1      | Reached XP level 1. HP: 11/11 MP: 2/2
   281 | D:1      | Reached skill level 2 in Axes
   332 | D:1      | Reached XP level 2. HP: 16/16 MP: 3/3
   625 | D:1      | Reached skill level 3 in Axes
   674 | D:1      | Reached XP level 3. HP: 19/19 MP: 4/4
  1385 | D:2      | Found a faded altar of an unknown god.
  1489 | D:2      | Gained mutation: Your natural rate of healing is unusually
                  | fast. [Vine Stalker growth]
  1489 | D:2      | Reached XP level 4. HP: 19/23 MP: 3/5
  1607 | D:2      | Reached skill level 4 in Axes
  2164 | D:3      | Reached XP level 5. HP: 27/27 MP: 6/6
  2327 | D:3      | Reached skill level 5 in Axes
  2847 | D:3      | Found Ohaosool's General Store.
  2875 | D:3      | Noticed Ijyb
  2883 | D:3      | Killed Ijyb
  3145 | D:4      | Found a sacrificial altar of Ru.
  3189 | D:4      | Reached XP level 6. HP: 32/32 MP: 7/7
  3225 | D:4      | Reached skill level 6 in Axes
  3453 | D:4      | Reached XP level 7. HP: 35/35 MP: 8/8
  3508 | D:4      | Found a shadowy altar of Dithmenos.
  3571 | D:4      | Reached skill level 7 in Axes
  4070 | D:4      | Found a burning altar of Makhleb.
  4081 | D:4      | Became a worshipper of Makhleb the Destroyer
  4311 | D:5      | Entered Level 5 of the Dungeon
  4448 | D:5      | Reached skill level 8 in Axes
  4514 | D:5      | Gained mutation: You have razor-sharp teeth. [Vine Stalker
                  | growth]
  4514 | D:5      | Reached XP level 8. HP: 39/39 MP: 9/9
  4625 | D:5      | Noticed a yak
  4664 | D:5      | Noticed a yak
  4665 | D:5      | Noticed a yak
  4691 | D:4      | Killed a yak
  4865 | D:5      | Reached skill level 9 in Axes
  4993 | D:5      | Noticed a yak
  5021 | D:5      | Killed a yak
  5058 | D:4      | HP: 1/39 [yak (8)]
  5067 | D:4      | Slain by a yak

Illustrated notes

Levels and vault maps discovered:
D:1:      dreamdust_arrival_beginning_and_end, layout_loops_ring,
          minmay_octomino_e4
D:2:      cheibrodos_greedy_goblins, layout_loops_ring,
          nicolae_ecumenical_oubliette
D:3:      layout_basic, serial_shops, shop, uniq_ijyb
D:4:      layout_basic, makhleb_blood_cavern_becter, nicolae_ru_awakened_eye,
          mainiacjoe_overflow_alcove_4, serial_demonic, serial_demonic_b,
          serial_demonic_g, serial_demonic_f, serial_demonic_a,
          serial_demonic_f, serial_demonic_b, serial_demonic_g,
          ebering_dispersal_statue_hall
D:5:      layout_loops_ring

Skill      XL: |  1  2  3  4  5  6  7  8 |
---------------+-------------------------+-----
Axes           | 2 3 4 5 6 8 9 |  9.4
Fighting       | |  2.6
Armour         | |  2.4
Shields        | |  2.6

Action                   |  1- 3 |  4- 6 |  7- 9 || total
-------------------------+-------+-------+-------++-------
Melee: War axe           |   101 |   123 |       ||   224
       Bite              |    21 |    40 |    39 ||   100
       Punch             |       |     4 |       ||     4
       Hand axe          |       |   108 |   182 ||   290
Armor: Scale mail        |    63 |   236 |    93 ||   392
Dodge: Dodged            |    70 |   175 |    57 ||   302
